 Dungeon Crawl Stone Soup version 0.30.0-29-ga12c61a403 (webtiles) character file.

Game seed: 8925835134920080151

427 qw the Chopper (level 6, -7/39 HPs)
             Began as a Gargoyle Fighter on June 5, 2023.
             Mangled by a wyvern (8 damage)
             ... on level 4 of the Dungeon.
             The game lasted 00:01:30 (3642 turns).

qw the Chopper (Gargoyle Fighter)                   Turns: 3642, Time: 00:01:31

Health: -7/39      AC: 14    Str: 21    XL:     6   Next: 97%
Magic:  6/6        EV:  7    Int:  9    God:
Gold:   249        SH:  4    Dex:  9    Spells: 5/5 levels left

rFire   . . .        Y - +0 war axe
rCold   . . .        c - +0 buckler
rNeg    + . .        k - +0 chain mail
rPois   inf          e - +0 helmet
rElec   +            (no cloak)
rCorr   .            (no gloves)
SInv    .            (no boots)
Will    +....        (no amulet) Stlth
                     l - ring of willpower
HPRegen 0.26/turn    (no ring)
MPRegen 0.10/turn

%: no passive effects
@: about to teleport
A: sickness immunity, AC +4, negative energy resistance 1, electricity
resistance, torment resistance 1, petrification resistance
a: no special abilities


You were on level 4 of the Dungeon.
You visited 1 branch of the dungeon, and saw 4 of its levels.

You collected 249 gold pieces.


Innate Abilities, Weirdness & Mutations

You are immune to sickness and miasma.
Your stone body is resilient. (AC +4)
You are immune to poison.
You resist negative energy. (rN+)
You are resistant to electric shocks. (rElec)
You are resistant to unholy torment.
You are immune to petrification.


   Skills:
 - Level 4.6 Fighting
 - Level 6.0 Axes
 - Level 3.2 Armour
 + Level 0.1 Dodging
 - Level 3.2 Shields


You had 5 spell levels left.
You didn't know any spells.
Your spell library was empty.

Inventory:

Hand Weapons
 j - a +0 mace
 Y - a +0 war axe (weapon)
Armour
 c - a +0 buckler (worn)
 e - a +0 helmet (worn)
 k - a +0 chain mail (worn)
Jewellery
 l - a ring of willpower (left hand)
Scrolls
 b - a scroll of teleportation
 f - a scroll of identify
 g - a scroll of fear {unknown}
 o - a scroll of immolation {unknown}
Potions
 a - 2 potions of curing
 d - a potion of might
 h - 2 potions of heal wounds
 i - a potion of lignification
 m - a potion of mutation {unknown}
 n - 2 potions of invisibility {unknown}

Dungeon Overview and Level Annotations

Branches:
Dungeon (4/15)
 Temple: D:4-7

Altars:
The Shining One


Message History

There is an open door here.
You open the door.
There is an open door here.
You open the door.
A jackal comes into view.
Enter note:
Enter note:
Enter note:
Enter note:
Enter note:
Enter note:
Enter note:
Enter note: 2 jackals and a wyvern come into view.
The wyvern hisses angrily.
You hear a bark!
A jackal comes into view.
The jackal bites you but does no damage.
You hit the jackal.
The jackal is moderately wounded.
The jackal closely misses you.
You slash the jackal!
You kill the jackal!
The wyvern barely misses you.
You closely miss the wyvern. You block the wyvern's attack.
The wyvern bites you.
You closely miss the wyvern. The wyvern bites you! The wyvern bites you.
You completely miss the wyvern.
The wyvern bites you but does no damage.
The wyvern barely misses you.
You closely miss the wyvern. You block the wyvern's attack.
You hit the wyvern.
The wyvern is lightly wounded.
The wyvern bites you! x2
3642 ||| READING 2 scrolls of teleportation.
As you read the scroll of teleportation, it crumbles to dust.
You feel strangely unstable. The wyvern bites you. The wyvern bites you!
You die...

.......# #....................#
.......# #....................#
.......# ##...##...###..#######
########. #...##...####'#......
......... #.............'.....[
......... #......)).....#......
#.##>#### #.######..###+#......
#.##.### ..#########..##....#####
.......# .....hl@......#....#...#
.......# .....h#.......#....#...#
.......# ..... #.......#....#...#
.###...#########..######....##..#
.###...##.....##..###....#####..#
.'.............#....#....#..'...#
.#.............#....'.......#...#
###'######'##.####'##.......##..#
.......(....####.....#########)##


You could see a wyvern and 2 jackals.

Vanquished Creatures
  Sigmund (D:3)
  A black bear (D:4)
  An iguana (D:4)
  Robin (D:2)
  3 gnolls (D:2)
  3 adders
  2 worms
  A dart slug (D:2)
  5 orcs
  7 ball pythons
  3 bats
  3 endoplasms
  2 giant cockroaches
  9 goblins
  6 hobgoblins
  9 jackals
  5 kobolds
  2 quokkas
  6 frilled lizards
  8 rats
78 creatures vanquished.

Notes
Turn   | Place    | Note
-------+----------+-------------------------------------------
     0 | D:1      | qw the Gargoyle Fighter began the quest for the Orb.
     0 | D:1      | Reached XP level 1. HP: 14/14 MP: 1/1
     0 | D:1      | 0 ||| qw: Version: 0.2-a-108-gee2c290
     0 | D:1      | 0 ||| qw: Game counter: 1391
     0 | D:1      | 0 ||| qw: Always use a shield: true
     0 | D:1      | 0 ||| qw: God list: Okawaru
     0 | D:1      | 0 ||| qw: Allow faded altars: false
     0 | D:1      | 0 ||| qw: Do Orc after D:15 true
     0 | D:1      | 0 ||| qw: Do second Lair branch before Depths: true
     0 | D:1      | 0 ||| qw: Lair rune preference: random
     0 | D:1      | 0 ||| qw: Plans: Normal, Zot:1-4, Slime:5, God:TSO, Crypt,
                  | Tomb, Abyss, Pan, Hells, Win
     0 | D:1      | 0 ||| PLANNING D:1-11
    74 | D:1      | Reached skill level 2 in Axes
   195 | D:1      | 195 ||| Stepping ~*~*~tactically~*~*~ (stealth).
   197 | D:1      | 197 ||| Stepping ~*~*~tactically~*~*~ (hiding).
   332 | D:1      | Reached XP level 2. HP: 16/19 MP: 2/2
   876 | D:1      | 876 ||| DROPPING +0 club.
   877 | D:1      | 877 ||| READING scroll labelled LUGORR VO IKI.
   938 | D:2      | 938 ||| STAIRDANCE
  1070 | D:2      | Reached skill level 3 in Axes
  1219 | D:2      | Reached XP level 3. HP: 22/23 MP: 3/3
  1235 | D:2      | 1235 ||| Stepping ~*~*~tactically~*~*~ (stealth).
  1468 | D:2      | Noticed Robin
  1481 | D:2      | Killed Robin
  1482 | D:2      | Reached XP level 4. HP: 21/28 MP: 4/4
  1724 | D:2      | Reached skill level 4 in Axes
  2262 | D:2      | 2262 ||| UPGRADING to +0 helmet.
  2267 | D:2      | 2267 ||| READING scroll labelled BAPEBY YSOT.
  2270 | D:2      | 2270 ||| DRINKING 2 murky ruby potions.
  2271 | D:2      | 2271 ||| DRINKING 3 dark potions.
  2366 | D:3      | 2366 ||| STAIRDANCE
  2390 | D:3      | Reached XP level 5. HP: 32/32 MP: 5/5
  2464 | D:3      | 2464 ||| Stepping ~*~*~tactically~*~*~ (stealth).
  2628 | D:3      | Found a glowing golden altar of the Shining One.
  2663 | D:3      | Found a faded altar of an unknown god.
  2731 | D:3      | Noticed Sigmund
  2757 | D:3      | Killed Sigmund
  2758 | D:3      | Reached skill level 6 in Axes
  2758 | D:3      | Reached XP level 6. HP: 12/37 MP: 6/6
  3018 | D:3      | 3018 ||| UPGRADING to +0 chain mail.
  3028 | D:3      | 3028 ||| DROPPING +0 scale mail.
  3029 | D:3      | 3029 ||| UPGRADING to ring of willpower.
  3030 | D:3      | 3030 ||| READING 3 scrolls of identify.
  3030 | D:3      | 3030 ||| IDENTIFYING bubbling red potion
  3031 | D:3      | 3031 ||| READING 2 scrolls of identify.
  3031 | D:3      | 3031 ||| IDENTIFYING purple potion
  3032 | D:3      | 3032 ||| DROPPING potion of ambrosia.
  3143 | D:4      | 3143 ||| Stepping ~*~*~tactically~*~*~ (hiding).
  3508 | D:4      | Noticed a black bear
  3512 | D:4      | Killed a black bear
  3634 | D:4      | Noticed a wyvern
  3641 | D:4      | HP: 1/39 [wyvern (10)]
  3642 | D:4      | 3642 ||| READING 2 scrolls of teleportation.
  3642 | D:4      | Mangled by a wyvern

Levels and vault maps discovered:
D:1:      wheals_arrival_linesprint, layout_basic
D:2:      layout_basic, wander_ebering_terrifying_dragon_lair, uniq_robin
D:3:      layout_rooms, tso_metal_star, hellmonk_ecumenical_altar_heavens_door,
          uniq_sigmund
D:4:      layout_gridville, lemuel_doored_altar

Skill      XL: |  1  2  3  4  5  6 |
---------------+-------------------+-----
Axes           | 2 3 4 6 |  6.0
Fighting       | 4 |  4.6
Armour         | |  3.2
Dodging        | |  0.1
Shields        | |  3.2

Action                     |  1- 3 |  4- 6 || total
---------------------------+-------+-------++-------
  Melee: War axe           |    80 |   152 ||   232
  Throw: Boomerang         |    22 |     5 ||    27
    Use: Scroll            |     1 |     4 ||     5
         Potion            |       |     2 ||     2
 Armour: Scale mail        |    49 |    68 ||   117
         Chain mail        |       |    17 ||    17
  Dodge: Dodged            |    35 |    56 ||    91
  Block: Buckler           |    15 |    22 ||    37

Table legend:
 A = Non-vault XP
 B = Vault XP
 C = Vault XP percentage of total XP
 D = Non-vault monster count
 E = Vault monster count
 F = Vault count percentage of total count
                 A         B        C        D         E       F
            +---------+---------+-------+---------+---------+-------
      Total |     357 |     254 |  41.6 |      69 |       9 |  11.5
            +---------+---------+-------+---------+---------+-------
        D:1 |      26 |       0 |   0.0 |      13 |       0 |   0.0
        D:2 |     104 |      28 |  21.2 |      24 |       8 |  25.0
        D:3 |      50 |     226 |  81.9 |      20 |       1 |   4.8
        D:4 |     177 |       0 |   0.0 |      12 |       0 |   0.0
            +---------+---------+-------+---------+---------+-------
